 Dungeon Crawl Stone Soup version 0.18.1-48-g4cf74bf (webtiles) character file.

402 turtle the Twirler (level 6, -4/51 HPs)
             Began as a Centaur Gladiator on Aug 9, 2016.
             Slain by a mummy (8 damage)
             ... in an ossuary.
             The game lasted 00:20:05 (3757 turns).

turtle the Twirler (Centaur Gladiator)              Turns: 3757, Time: 00:20:06

Health: -4/51      AC: 10    Str: 18    XL:     6   Next: 55%
Magic:  6/6        EV:  9    Int:  7    God:
Gold:   119        SH:  0    Dex: 11    Spells: 0 memorised, 5 levels left

rFire  . . .     SeeInvis .     a - +0 quarterstaff
rCold  . . .     Gourm    +     j - +1 ring mail
rNeg   . . .     Faith    .     (shield currently unavailable)
rPois  .         Spirit   .     c - +0 helmet
rElec  .         Dismiss  .     (no cloak)
rCorr  .         Reflect  .     s - +0 pair of gloves
SustAt .         Harm     .     (no barding)
MR     .....                    b - amulet of the gourmand
Stlth  ..........               (no ring)
                                n - +2 ring of protection

@: about to teleport, marked, drained, very quick, not resistant to hostile
enchantments, extremely unstealthy
A: hooves 3, deformed body, speed 2, tough skin 3
a: no special abilities


You were in an ossuary.
You were hungry.

You visited 1 branch of the dungeon, and saw 4 of its levels.
You also visited: Ossuary.

You collected 119 gold pieces.

Inventory:

Hand Weapons
 a - a +0 quarterstaff (weapon)
 e - a +0 short sword
 g - a +0 hunting sling
 k - a +0 spear
 t - a +0 blowgun
 u - a +1 long sword
 v - a +2 dagger of venom
 w - a +0 mace
 y - a +2 hunting sling of freezing
 C - a +0 dire flail
 D - a +1 flail
Missiles
 d - 4 throwing nets
 i - 7 javelins
 m - 16 poisoned needles
 q - 157 stones (quivered)
 A - 20 bolts
Armour
 c - a +0 helmet (worn)
 j - a +1 ring mail (worn)
 p - a +1 robe of magic resistance
 s - a +0 pair of gloves (worn)
 E - a +1 robe of cold resistance
Jewellery
 b - an amulet of the gourmand (around neck)
 n - a +2 ring of protection (left hand)
Wands
 x - a wand of polymorph (0/24)
Scrolls
 o - 4 scrolls of enchant weapon
 B - a scroll of noise
 F - 3 scrolls of fog
 G - a scroll of remove curse
Potions
 r - a potion of curing
 H - a potion of resistance {unknown}
Comestibles
 f - 3 bread rations
 h - a meat ration
 z - a beef jerky


   Skills:
 + Level 3.5(3.2) Fighting
 + Level 1.0(2.3) Polearms
 + Level 3.7(3.6) Staves
 + Level 2.9(2.7) Throwing
 + Level 1.4(1.2) Armour
 + Level 3.7(3.4) Dodging
 + Level 0.5(0.3) Stealth


You had 5 spell levels left.
You didn't know any spells.

Dungeon Overview and Level Annotations

Branches:
Dungeon (4/15)
 Temple: D:4-7

Altars:
Ashenzari
Pakellas

Annotations:
D:4 pancakeRgood's ghost, amateur MiCK


Innate Abilities, Weirdness & Mutations

You have hooves in place of feet.
Armour fits poorly on your strangely shaped body.
You cover ground very quickly.
You have extremely tough skin (AC +3).


Message History

* * * LOW HITPOINT WARNING * * *
You feel better.
You hit the mummy but do no damage. You kick the mummy.
The mummy is severely damaged.
The mummy barely misses you.
You barely miss the orc zombie. The orc zombie hits you.
* * * LOW HITPOINT WARNING * * *
You barely miss the orc zombie. You kick the orc zombie. The mummy hits you.
* * * LOW HITPOINT WARNING * * *
As you read the scroll of teleportation, it crumbles to dust.
You feel strangely unstable.
The orc zombie hits you but does no damage.
The mummy hits you but does no damage.
You feel better. The orc zombie misses you.
You hit the orc zombie.
You destroy the orc zombie!
The mummy hits you!
* * * LOW HITPOINT WARNING * * *
You sock the kobold zombie! The mummy hits you!
You die...

##################
.................#
Z.Z..............#
...Z.8..8Z..Z....#
.Z......Z..ZZZ...#
######ZZ######...#
#ZZZ@#..# #.Z.#
#.#M§#.^# #.Z.#
#.####.^####.#Z..#
#.......Z..ZZ#.ZZ#
#...#.......####Z#...#
#...#Z.M....# #.Z.#
#...#.......# #...#
#...#.....∩.# #...#
#...####Z...M. #...#


You could see a mummy, a goblin zombie, a kobold zombie and an orc zombie.

Vanquished Creatures
  3 wights (D:4)
  A centaur zombie (Ossuary)
  Jessica (D:2)
  Natasha (thrice) (D:3)
  Ijyb (D:3)
  A mummy (Ossuary)
  3 adders
  2 oozes
  A worm (D:3)
  2 dart slugs (D:1)
  A giant gecko (D:2)
  2 orcs (D:3)
  3 bats (D:1)
  3 giant cockroaches
  8 goblins
  8 hobgoblins
  5 jackals (D:1)
  12 kobolds
  2 ball pythons
  2 giant newts
  A kobold zombie (Ossuary)
  3 orc zombies (Ossuary)
  5 rats
73 creatures vanquished.

Vanquished Creatures (others)
  A lightning spire (D:2)
  3 bushes (D:2)
4 creatures vanquished.

Grand Total: 77 creatures vanquished

Notes
Turn   | Place    | Note
--------------------------------------------------------------
     0 | D:1      | turtle the Centaur Gladiator began the quest for the Orb.
     0 | D:1      | Reached XP level 1. HP: 17/17 MP: 1/1
   122 | D:1      | Reached XP level 2. HP: 15/24 MP: 2/2
   216 | D:1      | Found a shattered altar of Ashenzari.
   336 | D:1      | Reached XP level 3. HP: 24/30 MP: 3/3
  1166 | D:2      | Found an oddly glowing altar of Pakellas.
  1167 | D:2      | Noticed an ice dragon
  1658 | D:2      | Noticed Jessica
  1669 | D:2      | Killed Jessica
  1669 | D:2      | Reached XP level 4. HP: 30/37 MP: 4/4
  2531 | D:3      | Noticed Ijyb
  2542 | D:3      | Killed Ijyb
  2542 | D:3      | Reached XP level 5. HP: 13/45 MP: 5/5
  2674 | D:3      | Noticed Natasha
  2720 | D:3      | HP: 1/45 [white imp/puff of frost[Natasha] (6)]
  3020 | D:3      | Killed Natasha
  3129 | D:3      | Reached skill level 1 in Armour
  3144 | D:3      | Noticed Natasha
  3154 | D:3      | Killed Natasha
  3154 | D:3      | Reached skill level 1 in Polearms
  3225 | D:3      | Noticed Natasha
  3361 | D:3      | Killed Natasha
  3547 | D:4      | Found a sand-covered staircase.
  3559 | D:4      | Reached XP level 6. HP: 33/51 MP: 6/6
  3639 | D:4      | Noticed pancakeRgood's ghost (amateur MiCK)
  3642 | Ossuary  | Entered an ossuary
  3757 | Ossuary  | Slain by a mummy

Skill      XL: |  1  2  3  4  5 |
---------------+----------------+-----
Staves         | 3 |  3.7
Dodging        | 3 |  3.7
Fighting       | 3 |  3.5
Armour         | 1 |  1.4
Polearms       | 1 |  1.0
Throwing       | |  2.9
Stealth        | |  0.5

Action                   |  1- 3 |  4- 6 || total
-------------------------+-------+-------++-------
Melee: Quarterstaff      |    98 |    83 ||   181
       Kick              |    20 |    50 ||    70
       Spear             |    30 |    77 ||   107
 Fire: Blowgun           |       |     6 ||     6
Evoke: Wand              |       |     1 ||     1
  Use: Scroll            |     5 |     9 ||    14
       Potion            |       |     4 ||     4
  Eat: Bread ration      |       |     1 ||     1
       Fruit             |       |     1 ||     1
       Chunk             |       |     1 ||     1
Armor: Leather armour    |    46 |    14 ||    60
       Ring mail         |       |    41 ||    41
Dodge: Dodged            |    76 |    64 ||   140
